 Dungeon Crawl Stone Soup version 0.30-a0-782-ge64f9170bb (webtiles) character file.

Game seed: 13683502685583081486

198 Gron2003 the Trooper (level 5, -8/70 HPs)
             Began as a Minotaur Berserker on Feb 25, 2023.
             Was a Believer of Trog.
             Killed from afar by Crazy Yiuf (20 damage)
             ... with a bolt of light
             ... on level 3 of the Dungeon.
             The game lasted 00:09:46 (2884 turns).

Gron2003 the Trooper (Minotaur Berserker)           Turns: 2884, Time: 00:09:47

Health: -8/70      AC: 11    Str: 24    XL:     5   Next: 47%
Magic:  4/4        EV:  7    Int:  4    God:    Trog [**....]
Gold:   98         SH:  0    Dex:  9    Spells: 4/4 levels left

rFire   . . .      SeeInvis .    w - +0 war axe
rCold   . . .      Faith    .    (no shield)
rNeg    . . .      Spirit   .    x - +0 plate armour
rPois   .          Reflect  +    (helmet restricted)
rElec   .          Harm     .    o - scarf {shadows}
rCorr   .          Rampage  .    (no gloves)
Will    .....                    (no boots) Stlth
                                 g - amulet of reflection
HPRegen 0.31/turn                (no ring)
MPRegen 0.09/turn                (no ring)

@: confused, berserking, very quick
A: horns 2, retaliatory headbutt
a: Renounce Religion, Berserk, Trog's Hand


You were on level 3 of the Dungeon.
You worshipped Trog.
Trog was pleased with you.
You visited 1 branch of the dungeon, and saw 3 of its levels.

You collected 98 gold pieces.

Inventory:

Hand Weapons
 w - a +0 war axe (weapon)
Missiles
 i - 7 poisoned darts (quivered)
Armour
 o - a scarf of shadows (worn)
 x - a +0 plate armour (worn)
Jewellery
 a - a +6 ring of strength
 c - an amulet of the acrobat
 g - an amulet of reflection (around neck)
Wands
 k - a wand of flame (8)
Scrolls
 b - a scroll of fear {unknown}
 e - 5 scrolls of identify {unknown}
 f - a scroll of fog {unknown}
 h - a scroll of noise {unknown}
 n - a scroll of poison {unknown}
 p - a scroll of immolation {unknown}
 q - a scroll of vulnerability {unknown}
 r - a scroll of magic mapping {unknown}
 s - a scroll of enchant weapon {unknown}
Potions
 d - a potion of mutation {unknown}
 j - a potion of attraction {unknown}
 l - a potion of degeneration {unknown}
 m - 2 potions of brilliance {unknown}
 t - a potion of invisibility {unknown}
 u - a potion of magic {unknown}


   Skills:
 + Level 4.8 Fighting
 + Level 4.8 Axes
 + Level 4.1 Armour
 + Level 3.6 Dodging


You had 4 spell levels left.
You didn't know any spells.
Your spell library was empty.

Dungeon Overview and Level Annotations

Branches:
Dungeon (3/15)

Altars:
Ru

Annotations:
D:3 Crazy Yiuf


Innate Abilities, Weirdness & Mutations

You have a pair of horns on your head.
You reflexively headbutt those who attack you in melee.


Message History

You slash the fungus!
The fungus begins to die.
You headbutt the fungus.
The fungus is lightly damaged.
You slash the fungus!
The fungus begins to die.
You hit the fungus but do no damage. You slash the fungus!
You headbutt the fungus!
The fungus is lightly damaged.
You slash the fungus!
The fungus begins to die.
You slash the fungus! You hit the fungus.
The fungus is moderately damaged.
You slash the fungus! You hit the fungus but do no damage. You hit the fungus.
You headbutt the fungus.
The fungus is moderately damaged.
You hit the fungus. x2; A nearby fungus withers and dies. x3
You slash the fungus!
The fungus begins to die.
You headbutt the fungus!
The fungus is lightly damaged.
You hit the fungus.
The fungus begins to die.
You hit the fungus.
The fungus is lightly damaged.
You hit the fungus. You slash the fungus!
The fungus is moderately damaged.
You hit the fungus. You slash the fungus! You headbutt the fungus!
The fungus is moderately damaged.
You hit the fungus.
A nearby fungus withers and dies. x2
Found a runed translucent door.
Found a hammer.
Crazy Yiuf shouts!
You open the door.
Crazy Yiuf zaps a wand.
The bolt of light hits you!
Crazy Yiuf hits you with a +3 quarterstaff of chaos!
Crazy Yiuf burns you.
There is an open translucent door here.
You hit Crazy Yiuf but do no damage.
Crazy Yiuf hits you with a +3 quarterstaff of chaos!
* * * LOW HITPOINT WARNING * * *
A red film seems to cover your vision as you go berserk!
You feel yourself moving faster!
You feel mighty!
Crazy Yiuf zaps a wand.
The bolt of light hits you!!
You are confused.
You die...

.)#....#
#.###############.#
#).)...#
#.########### #.#
###)#'##
#...........# ###.##
......# #############
#....# ###.### #.####
# #.# ##.#
###.#####♣♣ #### #..#
'...##..#.♣♣ ♣♣#..)#
####
###........♣♣♣♣.@g..#
# ####......♣..♣#...#
# ##.#..♣.♣♣♣ #### #
###♣♣♣♣♣ # # #


You could see Crazy Yiuf.

Vanquished Creatures
  Natasha (twice) (D:2)
  An orc wizard (D:3)
  Robin (D:3)
  3 adders
  2 worms (D:2)
  A dart slug (D:2)
  5 orcs (D:3)
  2 endoplasms (D:2)
  3 giant cockroaches
  21 goblins
  4 hobgoblins
  3 jackals (D:2)
  7 kobolds
  A quokka (D:2)
  4 ball pythons
  4 bats
  5 rats
69 creatures vanquished.

Vanquished Creatures (others)
  5 fungi (D:3)
  34 plants (D:3)
39 creatures vanquished.

Grand Total: 108 creatures vanquished

Notes
Turn   | Place    | Note
-------+----------+-------------------------------------------
     0 | D:1      | Gron2003 the Minotaur Berserker began the quest for the
                  | Orb.
     0 | D:1      | Reached XP level 1. HP: 19/19 MP: 0/0
   270 | D:1      | Reached XP level 2. HP: 27/27 MP: 1/1
   732 | D:1      | Found a faded altar of an unknown god.
   783 | D:2      | Noticed Natasha
   789 | D:2      | Killed Natasha
   790 | D:2      | Reached XP level 3. HP: 33/33 MP: 2/2
  1383 | D:2      | Reached XP level 4. HP: 40/40 MP: 3/3
  1520 | D:2      | Noticed Natasha
  1522 | D:2      | Reached ** piety under Trog
  1525 | D:2      | Killed Natasha
  2216 | D:3      | Noticed Robin
  2223 | D:3      | Killed Robin
  2224 | D:3      | Reached XP level 5. HP: 40/47 MP: 4/4
  2505 | D:3      | Found a sacrificial altar of Ru.
  2877 | D:3      | Found a runed translucent door.
  2878 | D:3      | Noticed Crazy Yiuf
  2884 | D:3      | Killed from afar by Crazy Yiuf

Illustrated notes

Levels and vault maps discovered:
D:1:      lemuel_arrival_cross, layout_basic, shapermc_ecumenical_altar_petra
D:2:      layout_basic, minmay_misc_feat_x, grunt_ministairs_1,
          minmay_pentomino_p2, uniq_natasha
D:3:      wad_woods_pond, layout_basic, nicolae_ru_great_annihilating_truth,
          uniq_robin, uniq_crazy_yiuf_cottage

Skill      XL: |  1  2  3  4  5 |
---------------+----------------+-----
Fighting       | 4 |  4.8
Axes           | 4 |  4.8
Armour         | 3 4 |  4.1
Dodging        | 3 |  3.6

Action                     |  1- 3 |  4- 6 || total
---------------------------+-------+-------++-------
  Melee: Hand axe          |    45 |    96 ||   141
         Headbutt          |    14 |    21 ||    35
         Punch             |       |     1 ||     1
         War axe           |       |    28 ||    28
 Invoke: Berserk           |     1 |     1 ||     2
   Stab: Sleeping          |     1 |       ||     1
         Paralysed         |       |     2 ||     2
 Armour: Animal skin       |     8 |     2 ||    10
         Chain mail        |       |    19 ||    19
         Plate armour      |       |     5 ||     5
  Dodge: Dodged            |    23 |    38 ||    61
  Block: Other             |     6 |    17 ||    23
         Reflection        |     2 |     2 ||     4

Table legend: (Time is in decaauts)
 A = Elapsed time spent in this place.
 B = Non-inter-level travel time spent in this place.
 C = Inter-level travel time spent in this place.
 D = Time resting spent in this place.
 E = Time spent auto-exploring this place.
 F = Levels seen in this place.
 G = Mean time per level.
                   A        B        C        D        E       F      G
               +--------+--------+--------+--------+--------+-----+--------+
         Total |   2926 |   2869 |     57 |    137 |   2071 |   3 |  975.3 |
       Dungeon |   2926 |   2869 |     57 |    137 |   2071 |   3 |  975.3 |
               +--------+--------+--------+--------+--------+-----+--------+

Top non-repeatable levels by time:
     D:2: 1170 daAuts
     D:3: 982 daAuts
     D:1: 773 daAuts
